 Dungeon Crawl Stone Soup version 0.30-a0-297-g0ec75d9ef4 (webtiles) character file.

Game seed: 17767108708847055885

43 lunkers the Slasher (level 4, -3/38 HPs)
             Began as a Meteoran Fighter on Oct 18, 2022.
             Splashed by a jelly's acid (8 damage)
             ... on level 3 of the Dungeon.
             The game lasted 00:01:25 (892 turns).

lunkers the Slasher (Meteoran Fighter)               Turns: 892, Time: 00:01:25

Health: -3/38      AC: 11    Str: 17    XL:     4   Next: 6%
Magic:  5/5        EV:  9    Int:  9    God:
Gold:   70         SH:  5    Dex: 16    Spells: 3/3 levels left

rFire   . . .      SeeInvis .    j - +2 dagger (protect)
rCold   . . .      Faith    .    c - +0 buckler
rNeg    . . .      Spirit   .    b - +0 scale mail
rPois   .          Reflect  .    g - +0 hat
rElec   .          Harm     .    (no cloak)
rCorr   .          Rampage  .    e - +0 pair of gloves
Will    .....                    (no boots)
Stlth   ..........               (no amulet)
HPRegen 0.26/turn                (no ring)
MPRegen 0.09/turn                (no ring)

@: corroded, under a protective aura, glowing
A: sense surroundings 1, otherworldly, glowing, explore regen
a: no special abilities


You were on level 3 of the Dungeon.
You visited 1 branch of the dungeon, and saw 3 of its levels.

You collected 70 gold pieces.

Inventory:

Hand Weapons
 a - a +0 long sword
 j - a +2 dagger of protection (weapon)
Missiles
 i - 3 datura-tipped darts
Armour
 b - a +0 scale mail (worn)
 c - a +0 buckler (worn)
 e - a +0 pair of gloves (worn)
 g - a +0 hat (worn)
Scrolls
 f - 2 scrolls of teleportation {unknown}
 h - a scroll of acquirement {unknown}
 k - a scroll of vulnerability {unknown}
Potions
 d - 2 potions of might


   Skills:
 - Level 3.2 Fighting
 + Level 0.6(2.6) Short Blades
 - Level 4.5(4.6) Long Blades
 - Level 3.6 Armour
 - Level 3.6 Shields


You had 3 spell levels left.
You didn't know any spells.
Your spell library was empty.

Dungeon Overview and Level Annotations

Branches:
Dungeon (3/15) Zot: 892

Altars:


Innate Abilities, Weirdness & Mutations

You passively map a small area around you.
You are easily found by Zot.
You glow in the dark.
You regain HP and MP as you explore.


Message History

A jelly is nearby!
The jelly hits you but does no damage.
You hit the jelly.
Your weapon exudes an aura of protection.
Your hands burn!
The jelly is lightly wounded.
The jelly closely misses you.
You hit the jelly.
Your hands burn!
The jelly is moderately wounded.
The jelly hits you but does no damage.
You hit the jelly. The acid corrodes you!
Your hands burn!
The jelly is heavily wounded.
The jelly hits you but does no damage.
You hit the jelly.
Your hands burn!
The jelly is severely wounded.
The jelly closely misses you.
You hit the jelly.
Your hands burn!
* * * LOW HITPOINT WARNING * * *
The jelly is severely wounded.
The jelly barely misses you.
You hit the jelly but do no damage.
Your hands burn!
* * * LOW HITPOINT WARNING * * *
The jelly is severely wounded.
The jelly hits you but does no damage.
You hit the jelly but do no damage.
Your hands burn!
* * * LOW HITPOINT WARNING * * *
The jelly is severely wounded.
You block the jelly's attack.
You hit the jelly.
Your hands burn!
* * * LOW HITPOINT WARNING * * *
The jelly is almost dead.
The jelly barely misses you.
You aren't carrying any items that you can evoke.
You hit the jelly.
Your hands burn!
* * * LOW HITPOINT WARNING * * *
The jelly is almost dead.
The jelly hits you.
* * * LOW HITPOINT WARNING * * *
You are splashed with acid!
You die...

####..# #.#.#.# #..##
#.#.#.##### ####...#
#.........### .......#
#..#.........* **
####..<#####)..#.##.##.,
, * #####.........<..# ,
* #.####.##.#..##.. * *
#......).... , * <*
#...@[..###. , , *,
####J#.## * *** , #.#.#
, , * #.#.# * , * * *#..
# * , , ... , * * ###. ,
. .#


You could see a jelly.

Vanquished Creatures
  2 adders (D:2)
  3 endoplasms
  6 goblins
  A hobgoblin (D:2)
  A quokka (D:1)
  A ball python (D:1)
  3 bats
  A frilled lizard (D:1)
  4 kobolds
  3 rats (D:2)
25 creatures vanquished.

Notes
Turn   | Place    | Note
-------+----------+-------------------------------------------
     0 | D:1      | lunkers the Meteoran Fighter began the quest for the Orb.
     0 | D:1      | Reached XP level 1. HP: 19/19 MP: 2/2
   143 | D:1      | Reached skill level 3 in Long Blades
   143 | D:1      | Reached XP level 2. HP: 26/26 MP: 3/3
   490 | D:1      | Glimpsed the power of Zot.
   540 | D:1      | Glimpsed the power of Zot.
   601 | D:2      | Reached skill level 4 in Long Blades
   601 | D:2      | Reached XP level 3. HP: 24/31 MP: 4/4
   799 | D:2      | Reached XP level 4. HP: 36/38 MP: 5/5
   892 | D:3      | Splashed by a jelly's acid

Illustrated notes

Levels and vault maps discovered:
D:1:      onia_arrival_mini_spirals, layout_loops_ring, kennysheep_minor_cross
D:2:      layout_rooms, shapermc_ecumenical_altar_petra, minmay_crystal_water
D:3:      layout_loops_ring

Skill      XL: |  1  2 |
---------------+-------+-----
Long Blades    | 3 4 |  4.5
Fighting       | |  3.2
Short Blades   | |  0.6
Armour         | |  3.6
Shields        | |  3.6

Action                   |  1- 3 |  4- 6 || total
-------------------------+-------+-------++-------
Melee: Long sword        |    58 |       ||    58
       Dagger            |     6 |    13 ||    19
Armor: Scale mail        |    45 |     4 ||    49
Dodge: Dodged            |    31 |     5 ||    36
Block: Buckler           |    18 |     2 ||    20

Table legend: (Time is in decaauts)
 A = Elapsed time spent in this place.
 B = Non-inter-level travel time spent in this place.
 C = Inter-level travel time spent in this place.
 D = Time resting spent in this place.
 E = Time spent auto-exploring this place.
 F = Levels seen in this place.
 G = Mean time per level.
                   A        B        C        D        E       F      G
               +--------+--------+--------+--------+--------+-----+--------+
         Total |    906 |    787 |    119 |      0 |    557 |   3 |  302.0 |
       Dungeon |    906 |    787 |    119 |      0 |    557 |   3 |  302.0 |
               +--------+--------+--------+--------+--------+-----+--------+

Top non-repeatable levels by time:
     D:1: 598 daAuts
     D:2: 257 daAuts
     D:3: 49 daAuts
